 Dungeon Crawl Stone Soup version 0.31.0-9-g3a7656b989 (webtiles) character file.

Game seed: 9309530730832210216

70 qw the Shooter (level 4, 0/22 HPs)
             Began as a Spriggan Hunter on Feb 2, 2024.
             Slain by a goblin
             ... wielding a +0 club
             ... led by Robin
              (6 damage)
             ... on level 3 of the Dungeon.
             The game lasted 00:00:06 (1989 turns).

qw the Shooter (Spriggan Hunter)                    Turns: 1989, Time: 00:00:07

Health: 0/22       AC:  2    Str:  7    XL:     4   Next: 4%
Magic:  5/5        EV: 19    Int: 10    God:
Gold:   94         SH:  0    Dex: 20    Spells: 3/3 levels left

rFire   . . .        a - +0 shortbow
rCold   . . .        (shield currently unavailable)
rNeg    . . .        c - +0 robe
rPois   .            (helmet restricted)
rElec   .            (no cloak)
rCorr   .            (gloves unavailable)
SInv    +            (boots unavailable)
Will    .....        (no amulet)
Stlth   ++           (no ring)
HPRegen 0.23/turn    (no ring)
MPRegen 0.09/turn

%: no passive effects
@: very quick
A: very small, no large weapons, unfitting armour, see invisible, speed 3
a: no special abilities


You were on level 3 of the Dungeon.
You visited 1 branch of the dungeon, and saw 3 of its levels.

You collected 94 gold pieces.


Innate Abilities, Weirdness & Mutations

You are very small and have problems with some larger weapons.
You are too small for most types of armour.
You have supernaturally acute eyesight. (SInv)
You cover ground extremely quickly. (Speed+++)


   Skills:
 - Level 1.5 Fighting
 - Level 5.0 Ranged Weapons
 + Level 4.3 Dodging
 - Level 1.5 Stealth


You had 3 spell levels left.
You didn't know any spells.
Your spell library was empty.

Inventory:

Hand Weapons
 a - a +0 shortbow (weapon)
Armour
 c - a +0 robe (worn)
Potions
 g - a potion of enlightenment
 m - a potion of curing

Dungeon Overview and Level Annotations

Branches:
Dungeon (3/15)

Altars:

Shops:
D:1 !

Annotations:
D:3 Robin


Message History

You shoot an arrow. The arrow completely misses the goblin.
Robin roars a battlecry!
The goblins go into a battle-frenzy!
The goblin closely misses you.
A goblin comes into view. It is wielding a +0 dagger.
Robin throws the goblin at you! The goblin closely misses you. x2
You shoot an arrow. The arrow hits the goblin.
The goblin is moderately wounded.
The goblin barely misses you. The goblin hits you but does no damage.
A goblin comes into view. It is wielding a +0 dagger.
You shoot an arrow. The goblin shouts!
The arrow hits Robin.
Robin is heavily wounded.
The goblin closely misses you.
Robin roars a battlecry!
The goblins go into a battle-frenzy!
The goblin completely misses you. The hobgoblin misses you.
You hear a shout!
You shoot an arrow.
The arrow hits Robin but does no damage.
Robin is heavily wounded.
The goblin hits you with a +0 club. The goblin barely misses you.
The hobgoblin closely misses you.
You shoot an arrow. The arrow barely misses Robin.
The arrow closely misses the goblin.
The goblin completely misses you. The goblin barely misses you.
The hobgoblin hits you.
You shoot an arrow. The arrow barely misses Robin.
The arrow hits the goblin!
You kill the goblin!
Robin hits you with a +0 dagger.
A kobold comes into view. It is wielding a +0 whip.
The goblin completely misses you. The goblin hits you but does no damage.
The hobgoblin completely misses you. The goblin completely misses you.
The goblin closely misses you. The hobgoblin completely misses you.
You shoot an arrow. The arrow hits Robin.
Robin is severely wounded.
Robin says, "Feeling lonely?"
The goblin hits you with a +0 club.
You die...

..........[...###..........
..........#### #..........
....>.###.. #......#..#
........ . ###.##.#
........ ###.# # ##...#
#..### #g## #@# #....ggg..#
......Kg.).....
.......<.).#...
....#.####).... ....#. ..##
... ## )# .. .#


You could see Robin, a hobgoblin (strong), 3 goblins and a kobold.

Vanquished Creatures
  A gnoll (D:3)
  A ribbon worm (D:2)
  3 endoplasms
  5 giant cockroaches
  6 hobgoblins
  8 jackals (D:1)
  7 kobolds
  2 quokkas
  5 ball pythons
  A bat (D:1)
  4 frilled lizards
  7 goblins
  A rat (D:3)
51 creatures vanquished.

Notes
Turn   | Place    | Note
-------+----------+-------------------------------------------
     0 | D:1      | qw the Spriggan Hunter began the quest for the Orb.
     0 | D:1      | Reached XP level 1. HP: 10/10 MP: 2/2
     0 | D:1      | 0 ||| qw: Version: 0.3-a-155-g5e7d8dd
     0 | D:1      | 0 ||| qw: Game counter: 1236
     0 | D:1      | 0 ||| qw: Melee chars always use a shield: true
     0 | D:1      | 0 ||| qw: God list: Okawaru
     0 | D:1      | 0 ||| qw: Allow faded altars: false
     0 | D:1      | 0 ||| qw: Do Orc after clearing Dungeon:15 true
     0 | D:1      | 0 ||| qw: Do second Lair branch before Depths: true
     0 | D:1      | 0 ||| qw: Lair rune preference: random
     0 | D:1      | 0 ||| qw: Goals: Normal
     0 | D:1      | 0 ||| PLANNING D:1-11
    63 | D:1      | Reached skill level 3 in Dodging
   178 | D:1      | Found Raudusme's Distillery.
   218 | D:1      | Reached XP level 2. HP: 14/14 MP: 3/3
   445 | D:1      | 445 ||| SHOPLISTING potion of curing (30 gold, have 4).
   445 | D:1      | 445 ||| SHOPLISTING potion of haste (100 gold, have 4).
   445 | D:1      | 445 ||| SHOPLISTING potion of heal wounds (50 gold, have
                  | 4).
   494 | D:1      | 494 ||| READING scroll labelled TEIKHL ZOYPTAC.
   495 | D:1      | 495 ||| DROPPING scroll of butterflies.
   723 | D:1      | Found a faded altar of an unknown god.
   761 | D:1      | Reached XP level 3. HP: 17/18 MP: 4/4
   942 | D:1      | 942 ||| READING scroll labelled ZUELAN HOENUA.
   975 | D:1      | 975 ||| READING 3 scrolls labelled KONIXE GENOESEUVI.
  1745 | D:2      | 1745 ||| READING 8 scrolls of identify.
  1745 | D:2      | 1745 ||| IDENTIFYING white potion
  1746 | D:2      | 1746 ||| READING 7 scrolls of identify.
  1746 | D:2      | 1746 ||| IDENTIFYING metallic grey potion
  1747 | D:2      | 1747 ||| READING 6 scrolls of identify.
  1747 | D:2      | 1747 ||| IDENTIFYING bubbling brown potion
  1748 | D:2      | 1748 ||| READING 5 scrolls of identify.
  1748 | D:2      | 1748 ||| IDENTIFYING red potion
  1749 | D:2      | 1749 ||| READING 4 scrolls of identify.
  1749 | D:2      | 1749 ||| IDENTIFYING 2 fizzy emerald potions
  1750 | D:2      | 1750 ||| READING 3 scrolls of identify.
  1750 | D:2      | 1750 ||| IDENTIFYING 2 purple potions
  1751 | D:2      | 1751 ||| READING 2 scrolls of identify.
  1751 | D:2      | 1751 ||| IDENTIFYING scroll labelled JEKHENNU IZAVA
  1752 | D:2      | 1752 ||| READING scroll of identify.
  1752 | D:2      | 1752 ||| IDENTIFYING scroll labelled CIUFUE QIROW
  1753 | D:2      | 1753 ||| READING scroll labelled BUABBIZXUHA.
  1854 | D:2      | 1854 ||| READING scroll labelled DEACHU ABRI.
  1854 | D:2      | 1854 ||| ENCHANTING +0 shortbow.
  1855 | D:2      | 1855 ||| DROPPING scroll of blinking.
  1856 | D:2      | 1856 ||| DROPPING 2 potions of ambrosia.
  1857 | D:2      | 1857 ||| DROPPING potion of degeneration.
  1858 | D:2      | 1858 ||| DROPPING 2 potions of berserk rage.
  1904 | D:3      | 1904 ||| RETREEEEATING.
  1906 | D:3      | 1906 ||| RETREEEEATING.
  1909 | D:3      | 1909 ||| RETREEEEATING.
  1912 | D:3      | Reached skill level 5 in Ranged Weapons
  1916 | D:3      | HP: 1/18 [gnoll/+0 flail (8)]
  1917 | D:3      | 1917 ||| READING scroll of teleportation.
  1918 | D:3      | 1918 ||| DRINKING potion of heal wounds.
  1977 | D:3      | Noticed Robin
  1981 | D:3      | Reached XP level 4. HP: 22/22 MP: 5/5
  1988 | D:3      | HP: 5/22 [Robin/+0 dagger (1)]
  1989 | D:3      | Slain by a goblin

Levels and vault maps discovered:
D:1:      minmay_arrival_doors, layout_rooms, serial_shops, shop,
          hellmonk_ecumenical_altar_blasted, serial_co_window_serial,
          co_window_corner_a, co_window_of_opportunity_a, co_window_paths_a,
          co_window_paths_b, co_window_corner_a, co_window_corner_a,
          co_window_cross_1, co_window_paths_b, co_window_corner_a,
          co_window_unsneaky_path_c, co_window_2corner, co_window_broadway_c,
          co_window_paths_e, glass_columns_b, glass_columns_a, glass_columns_b,
          glass_columns_a, grunt_decor_one_mirror
D:2:      layout_basic
D:3:      layout_rooms, feat_on_display, uniq_robin

Skill      XL: |  1  2  3 |
---------------+----------+-----
Dodging        | 3 4 |  4.3
Ranged Weapons | 5 |  5.0
Fighting       | |  1.5
Stealth        | |  1.5

Action                     |  1- 3 |  4- 6 || total
---------------------------+-------+-------++-------
   Fire: Shortbow          |   122 |     9 ||   131
    Use: Scroll            |    14 |       ||    14
         Potion            |     1 |       ||     1
 Armour: Robe              |    15 |     8 ||    23
  Dodge: Dodged            |    32 |    16 ||    48

Table legend:
 A = Non-vault XP
 B = Vault XP
 C = Vault XP percentage of total XP
 D = Non-vault monster count
 E = Vault monster count
 F = Vault count percentage of total count
                 A         B        C        D         E       F
            +---------+---------+-------+---------+---------+-------
      Total |      88 |      13 |  12.9 |      44 |       7 |  13.7
            +---------+---------+-------+---------+---------+-------
        D:1 |      52 |       0 |   0.0 |      29 |       0 |   0.0
        D:2 |      18 |       0 |   0.0 |      10 |       0 |   0.0
        D:3 |      18 |      13 |  41.9 |       5 |       7 |  58.3
            +---------+---------+-------+---------+---------+-------
